 Dungeon Crawl Stone Soup version 0.30.1-10-g1249ef9ec4 (webtiles) character file.

Game seed: 18056919616203429097

103149 SacredBeard the Warrior (level 16, -1/148 (160) HPs)
             Began as a Hill Orc Fighter on Oct 25, 2023.
             Was the Champion of Beogh.
             Slain by a wolf spider (9 damage)
             ... on level 1 of the Spider Nest on Oct 26, 2023.
             The game lasted 02:35:11 (33890 turns).

SacredBeard the Warrior (Hill Orc Fighter)         Turns: 33890, Time: 02:35:13

HP:   -1/148 (160)  AC: 10    Str: 29 (31) XL:     16   Next: 35%
MP:   28/28         EV: 16    Int:  7 (8)  God:    Beogh [******]
Gold: 2239          SH:  6    Dex:  9      Spells: 10/15 levels left

rFire   . . .        m - +0 broad axe (flame)
rCold   . . .        c - +0 buckler
rNeg    . . .        A - +4 ring mail "Qurozi" {Contam rPois Will+++ Regen+}
rPois   +            (helmet restricted)
rElec   .            H - +0 cloak {Will+}
rCorr   .            (no gloves)
SInv    .            I - +0 pair of boots
Will    +++++        (no amulet)
Stlth   +            v - ring of Joumah {AC+4 Str+5 Int-4}
HPRegen 1.24/turn    X - +5 ring of evasion
MPRegen 0.21/turn

%: no passive effects
@: corroded, drained
A: walk on water, horns 1, clever 1, sturdy frame 1
a: Renounce Religion, Smiting, Recall Orcish Followers, Give Item to Named
Follower, Resurrection


You were on level 1 of the Spider Nest.
You worshipped Beogh.
Beogh was exalted by your worship.
You visited 5 branches of the dungeon, and saw 24 of its levels.
You visited the Abyss 2 times.
You also visited: Volcano.

You collected 3274 gold pieces.
You spent 1035 gold pieces at shops.

Inventory:

Hand Weapons
 i - the +4 trident of Discord {freeze, rElec Int+5 Dex+4}
   (You found it on level 15 of the Dungeon)

   Int:       It affects your intelligence (+5).
   Dex:       It affects your dexterity (+4).
   rElec:     It insulates you from electricity.
 m - a +0 broad axe of flaming (weapon)
 s - a +3 shortbow
 z - the +4 hand axe "Grim Tooth" {freeze, rF+}
   (You found it on level 4 of the Lair of Beasts)

   rF:        It protects you from fire.
 F - the +6 whip of the Living Dead {vamp, Int+6}
   (You found it on level 6 of the Dungeon)

   Int:       It affects your intelligence (+6).
 J - a +1 war axe
 T - a +1 hand axe of electrocution
 V - the +8 demon trident "Rift" {distort, reach+}
   (You found it on level 3 of the Lair of Beasts)
Armour
 c - a +0 buckler (worn)
 u - a +3 plate armour of fire resistance
 A - the +4 ring mail "Qurozi" (worn) {Contam rPois Will+++ Regen+}
   (You found it on level 15 of the Dungeon)

   rPois:     It protects you from poison.
   Contam:    It causes magical contamination when unequipped.
   Regen:     It increases your rate of health regeneration.
   Will:      It greatly increases your willpower.
 H - a +0 cloak of willpower (worn)
 I - a +0 pair of boots (worn)
 Z - a +4 plate armour of fire resistance
Jewellery
 g - a ring of flight
 v - the ring of Joumah (left hand) {AC+4 Str+5 Int-4}
   (You found it on level 4 of the Dungeon)

   [ring of protection]

   AC:        It affects your AC (+4).
   Str:       It affects your strength (+5).
   Int:       It affects your intelligence (-4).
 S - a ring of protection from fire
 X - a +5 ring of evasion (right hand)
Wands
 o - a wand of mindburst (41)
 q - a wand of polymorph (7)
 t - a wand of digging (1)
 y - a wand of light (17)
 C - a wand of roots (34)
 G - a wand of flame (14)
 L - a wand of paralysis (6)
Scrolls
 b - 10 scrolls of immolation
 f - a scroll of enchant weapon
 h - 4 scrolls of blinking
 j - 10 scrolls of teleportation
 k - 6 scrolls of amnesia
 l - a scroll of magic mapping
 r - 4 scrolls of enchant armour
 w - 3 scrolls of fog
 x - 4 scrolls of fear
 D - 6 scrolls of brand weapon
 K - 5 scrolls of noise
 R - a scroll of summoning
 W - 3 scrolls of identify
Potions
 a - a potion of cancellation
 d - 3 potions of might
 e - 9 potions of curing
 n - 4 potions of resistance
 p - 5 potions of haste
 B - a potion of berserk rage
 E - 6 potions of brilliance
 M - 5 potions of attraction
 N - a potion of magic
 O - 3 potions of flight
 P - a potion of lignification
 Q - 4 potions of ambrosia
 U - a potion of heal wounds
 Y - 3 potions of invisibility


   Skills:
 * Level 19.1 Fighting
 - Level 18.0 Axes
 + Level 12.2 Armour
 + Level 1.7 Dodging
 + Level 12.2 Shields
 + Level 16.6 Invocations
 - Level 1.0 Evocations


You had 10 spell levels left.
You knew the following spells:

 Your Spells              Type           Power      Damage    Failure   Level
a - Passwall              Tmut/Erth      0%         N/A       65%         2
b - Swiftness             Air            0%         N/A       87%         3

Your spell library contained the following spells:

 Spells                   Type           Power      Damage    Failure   Level
 Beastly Appendage        Tmut           0%         N/A       52%         1
 Summon Small Mammal      Summ           0%         N/A       52%         1
 Ensorcelled Hibernation  Hex/Ice        0%         N/A       65%         2
 Static Discharge         Conj/Air       0%         2-2/arc   65%         2
 Wereblood                Tmut           0%         N/A       65%         2
 Call Canine Familiar     Summ           0%         N/A       87%         3
 Spider Form              Tmut/Pois      0%         N/A       87%         3
 Summon Guardian Golem    Hex/Summ       0%         N/A       87%         3
 Airstrike                Air            0%         2d(0-16)  99%         4
 Anguish                  Hex/Necr       0%         N/A       99%         4
 Petrify                  Tmut/Erth      0%         N/A       99%         4
 Summon Lightning Spire   Summ/Air       0%         N/A       99%         4
 Iskenderun's Battlesphe  Conj           0%         2d6       100%        5
 Metabolic Englaciation   Hex/Ice        0%         N/A       100%        5
 Iron Shot                Conj/Erth      0%         9d1       100%        6
 Statue Form              Tmut/Erth      0%         N/A       100%        6
 Spellforged Servitor     Conj/Summ      0%         N/A       100%        7


Dungeon Overview and Level Annotations

Branches:
Dungeon (15/15)            Temple (1/1) D:6            Lair (5/5) D:9
  Swamp (0/4) Lair:2       Spider (1/4) Lair:2        Slime (0/5) Lair:4
    Orc (2/2) D:9             Elf (0/3) Orc:2        Vaults (0/5) D:13
 Depths (0/4) D:15        Volcano (visited)

Altars:
Ashenzari
Cheibriados
Dithmenos
Elyvilon
Fedhas
Gozag
Hepliaklqana
Kikubaaqudgha
Makhleb
Nemelex Xobeh
Okawaru
Qazlal
Ru
Sif Muna
Trog
Uskayaw
Vehumet
Wu Jian
Xom
Yredelemnul
Zin
The Shining One
Beogh
Jiyva

Shops:
D:1 (=[!   D:4 !?*   D:8 !   D:14 [   Orc:2 ?:[*=

Portals:
Hell: Lair:5
Trove: D:15 (give +4 shadow dragon scales)


Innate Abilities, Weirdness & Mutations

You can walk on water.
You have a pair of small horns on your head.
Your mind is acute. (Int +4, Str/Dex -1)
Your movements are slightly less encumbered by armour. (ER -2)


Message History

The pharaoh ant is severely damaged.
You slash the wolf spider! You burn the wolf spider.
The pharaoh ant bites you!! The wolf spider misses you.
You block the wolf spider's attack.
The entropy weaver casts a spell at you.
The entropic weave corrodes you! The pharaoh ant closely misses you.
The jumping spider misses you. x2
The jumping spider barely misses you. The jumping spider misses you.
The entropy weaver casts a spell at you.
The entropic weave corrodes you! The wolf spider completely misses you.
The wolf spider barely misses you.
The jumping spider leaps!
You block the pharaoh ant's attack. The pharaoh ant bites you!!
You feel drained. The wolf spider hits you!! The wolf spider bites you.
The jumping spider leaps!
The entropy weaver hits you but does no damage.
The entropy weaver misses you. The entropy weaver hits you.
You block the entropy weaver's attack. The pharaoh ant bites you.
You feel drained.
The wolf spider attacks as you move away!
The wolf spider hits you! The wolf spider barely misses you.
The entropy weaver attacks as you move away!
The entropy weaver misses you. The entropy weaver hits you!
* * * LOW HITPOINT WARNING * * *
The entropy weaver misses you. x2
The pharaoh ant attacks as you move away!
The pharaoh ant closely misses you.
You feel better. The wolf spider barely misses you. x2
The pharaoh ant bites you!!
* * * LOW HITPOINT WARNING * * *
You feel drained.
* * * LOW HITPOINT WARNING * * *
The entropy weaver hits you!
* * * LOW HITPOINT WARNING * * *
The entropy weaver barely misses you. The entropy weaver hits you!
* * * LOW HITPOINT WARNING * * *
The entropy weaver hits you.
* * * LOW HITPOINT WARNING * * *
The jumping spider leaps!
The wolf spider hits you!
You die...

#...................
##...............○...
#......†.............
#..###.).#..........#.....
.............#..........#.
.......#....^.............
#..#^...........○.#.......
##.............BsB##......
#^....#^.#...#@........
#...........††....##..#
####.......#..........
##..........^#......
#....#.......#.....#
##...............###
#..^#....#.......# #
##..............#### ##
##....|..........#..#


You could see an entropy weaver, a wolf spider and a pharaoh ant.

Vanquished Creatures
  2 ghost moths (Spider:1)
  A stone giant (D:15)
  7 hydras
  An ice dragon (D:12)
  Erolcha (D:11)
  The ghost of Onni the Grappler, a novice TrBe of Trog (D:9)
  A catoblepas (Lair:3)
  6 two-headed ogres
  2 centaur warriors
  2 tengu warriors
  11 death yaks
  2 orc high priests (Orc:2)
  Urug (D:11)
  A skyshark (Lair:5)
  A hell knight (Volcano)
  A skeletal warrior (D:14)
  Lodul (D:13)
  2 pharaoh ants
  An orb spider (Spider:1)
  Pikel (D:8)
  2 wizards
  A lindwurm (Lair:2)
  3 deep elf pyromancers
  2 steelbarb worms (Spider:1)
  5 wolf spiders
  2 necromancers (D:13)
  An oklob plant (Lair:1)
  10 ugly things
  A manticore (D:13)
  The ghost of Oroden the Trooper, a novice OgTm (D:5)
  4 cyclopes
  16 elephants
  A centaur zombie (D:7)
  3 black mambas
  3 demonic crawlers
  An orange demon (Abyss:3)
  A smoke demon (Volcano)
  16 cane toads
  2 torpor snails (Spider:1)
  An unseen horror (D:12)
  Maggie (D:6)
  3 centaur skeletons
  An efreet (D:14)
  A kobold demonologist (D:11)
  7 rime drakes
  7 komodo dragons
  A freezing wraith (D:12)
  3 red devils
  An ice devil (Lair:5)
  8 polar bears
  2 trolls
  3 hellwings
  5 tarantellas
  A hornet (D:7)
  Prince Ribbit (Lair:1)
  5 dream sheep (Lair:3)
  20 blink frogs
  A large abomination (Abyss:3)
  4 jumping spiders
  8 slime creatures
  5 wraiths
  34 yaks
  6 wyverns
  2 culicivoras (Spider:1)
  A spriggan (shapeshifter) (D:15)
  6 basilisks
  A vampire (D:11)
  3 neqoxecs (D:9)
  5 redbacks
  2 steam dragons
  7 vampire mosquitoes
  2 acid dragons
  4 wargs
  11 water moccasins
  Edmund (D:4)
  Duvessa (D:6)
  A hell hound (Volcano)
  5 orc warriors
  2 ice beasts
  A black bear (D:6)
  2 sky beasts
  7 ogres (D:13)
  11 wolves
  10 centaurs
  4 lemures
  A phantom (D:6)
  10 bullfrogs
  3 gnoll sergeants
  3 scorpions
  Dowan (D:6)
  7 wights
  11 killer bees
  4 electric eels
  7 howler monkeys
  4 quasits (D:9)
  A bullfrog zombie (D:5)
  7 orc priests (Orc:2)
  7 hounds
  2 jellies
  5 gnoll boudas
  Natasha (D:3)
  3 boggart zombies (D:7)
  Ijyb (D:3)
  3 iguanas
  2 orc wizards
  A killer bee zombie (D:5)
  27 gnolls
  2 adders
  4 shadow imps (D:7)
  4 white imps
  2 ufetubi
  A worm (D:4)
  A dart slug (D:4)
  21 orcs
  3 bats
  6 endoplasms
  3 giant cockroaches
  4 goblins
  10 hobgoblins
  2 quokkas
  3 ball pythons
  5 frilled lizards
  5 kobolds
  5 rats
531 creatures vanquished.

Vanquished Creatures (collateral kills)
  Jorgrun (Orc:2)
  Snorg (Orc:1)
  2 hydras
  A centaur warrior (D:15)
  2 two-headed ogres
  A death yak (Lair:3)
  A tengu warrior (D:15)
  3 orc high priests (Orc:2)
  A sixfirhy (Lair:5)
  4 skeletal warriors
  A bog body (Lair:2)
  A deep elf pyromancer (D:14)
  7 ugly things
  2 orc knights
  2 orc sorcerers (Orc:2)
  A manticore (D:12)
  2 cane toads (Lair:2)
  An unseen horror (D:12)
  A komodo dragon (D:12)
  2 ice devils (Lair:5)
  2 red devils (Lair:5)
  A troll (Orc:1)
  A tarantella (Lair:2)
  A polar bear (Lair:2)
  A blink frog (Lair:2)
  A jumping spider (Lair:2)
  A vampire (D:12)
  2 slime creatures
  A basilisk (Lair:2)
  3 yaks
  4 wargs (Orc:2)
  A water moccasin (Lair:2)
  3 hell hounds (Lair:5)
  7 orc warriors
  2 centaurs (D:15)
  A gnoll sergeant (D:12)
  A wight (D:9)
  A killer bee (D:9)
  9 orc priests
  2 orc wizards
  3 gnolls
  20 orcs
105 creatures vanquished.

Vanquished Creatures (others)
  3 orc knights
  An orc sorcerer (D:15)
  An orc high priest (Orc:1)
  2 orc warriors
  A scorpion (D:6)
  10 orc priests
  8 orc wizards
  54 orcs
80 creatures vanquished.

Grand Total: 716 creatures vanquished

Notes
Turn   | Place    | Note
-------+----------+-------------------------------------------
     0 | D:1      | SacredBeard the Hill Orc Fighter began the quest for the
                  | Orb.
     0 | D:1      | Reached XP level 1. HP: 19/19 MP: 1/1
    50 | D:1      | Found Xiny's Jewellery Shoppe.
    86 | D:1      | Found Qossoam's Distillery.
   143 | D:1      | Found Yntoanul's Armour Shoppe.
   223 | D:1      | Reached XP level 2. HP: 14/27 MP: 2/2
   302 | D:1      | Found a faded altar of an unknown god.
   520 | D:1      | Reached skill level 4 in Fighting
   567 | D:1      | Found Visafrirau's Weapon Shoppe.
   988 | D:2      | Found a stormy altar of Qazlal.
  1030 | D:2      | Reached XP level 3. HP: 33/33 MP: 3/3
  1550 | D:3      | Identified the +6 chain mail "Veovvuhicob" {rF+}
  1942 | D:3      | Noticed Ijyb
  1951 | D:3      | Killed Ijyb
  1952 | D:3      | Reached XP level 4. HP: 35/41 MP: 4/4
  1980 | D:3      | Found an opulent altar of Gozag.
  2197 | D:3      | Noticed Natasha
  2209 | D:3      | Killed Natasha
  2313 | D:3      | Found a shadowy altar of Dithmenos.
  2799 | D:4      | Noticed Edmund
  2988 | D:4      | Reached XP level 5. HP: 47/47 MP: 5/5
  2988 | D:4      | Found Sytuim's Assorted Antiques.
  2990 | D:4      | Found Zemauf's Magic Scroll Emporium.
  2993 | D:5      | Entered Level 5 of the Dungeon
  2993 | D:5      | Noticed a centaur
  3001 | D:5      | Killed a centaur
  3002 | D:5      | Reached skill level 5 in Fighting
  3008 | D:5      | Reached skill level 5 in Axes
  3015 | D:5      | Reached skill level 1 in Evocations
  3015 | D:5      | Reached XP level 6. HP: 30/56 MP: 6/6
  3454 | D:4      | Identified the ring of Joumah {AC+4 Str+5 Int-4}
  3661 | D:4      | Found Jesom's Distillery.
  3758 | D:4      | Bought a scroll of teleportation for 39 gold pieces
  3758 | D:4      | Bought a scroll of amnesia for 52 gold pieces
  3758 | D:4      | Bought a scroll of teleportation for 39 gold pieces
  3758 | D:4      | Bought a scroll of fog for 52 gold pieces
  3758 | D:4      | Bought a scroll of fear for 52 gold pieces
  3982 | D:4      | Killed Edmund
  3983 | D:4      | Reached skill level 6 in Fighting
  3983 | D:4      | Reached XP level 7. HP: 46/63 MP: 7/7
  4273 | D:5      | Became a worshipper of Beogh the Brigand
  4411 | D:5      | Found a white marble altar of Elyvilon.
  4412 | D:5      | Found a glowing silver altar of Zin.
  4413 | D:5      | Found a glowing golden altar of the Shining One.
  4497 | D:5      | Found a runed translucent gate.
  4497 | D:5      | Found a runed translucent gate.
  4498 | D:5      | Found a runed translucent gate.
  4499 | D:5      | Noticed Oroden's ghost (novice OgTm)
  4731 | D:4      | Bought a potion of curing for 42 gold pieces
  4822 | D:6      | Reached skill level 1 in Invocations
  4853 | D:6      | Noticed a steam dragon
  4886 | D:6      | Killed a steam dragon
  5005 | D:6      | Reached XP level 8. HP: 59/70 MP: 10/10
  5309 | D:6      | Reached skill level 10 in Axes
  5615 | D:6      | Noticed Maggie
  5637 | D:6      | Killed Maggie
  5638 | D:6      | Reached skill level 5 in Invocations
  5758 | D:6      | Reached XP level 9. HP: 69/75 MP: 13/13
  5819 | D:6      | Identified the +6 whip of the Living Dead {vamp, Int+6}
  6075 | D:6      | Noticed Duvessa
  6273 | D:7      | Reached * piety under Beogh
  6316 | D:8      | Noticed a hornet
  6428 | D:7      | Noticed a hellwing
  6429 | D:7      | Noticed a hellwing
  6497 | D:6      | Killed a hellwing
  6738 | D:6      | Noticed Dowan
  6759 | D:6      | Killed Duvessa
  6771 | D:6      | Killed Dowan
  6788 | D:6      | Found a staircase to the Ecumenical Temple.
  7042 | D:6      | HP: 2/75 [hellwing (12)]
  7047 | D:6      | Killed a hellwing
  7469 | D:7      | Found a hazy altar of Hepliaklqana.
  7517 | D:7      | Reached XP level 10. HP: 71/83 MP: 16/16
  8432 | D:8      | Noticed Pikel
  8468 | D:7      | Reached skill level 7 in Fighting
  8526 | D:8      | Killed Pikel
  8789 | D:8      | Found a stormy altar of Qazlal.
  8891 | D:8      | Found Fuvax's Distillery.
  8906 | D:8      | Reached skill level 15 in Axes
  8920 | D:8      | Bought a potion of curing for 45 gold pieces
  8920 | D:8      | Bought a potion of flight for 45 gold pieces
  8920 | D:8      | Bought 2 potions of curing for 90 gold pieces
  9083 | D:8      | Reached skill level 5 in Armour
  9083 | D:8      | Reached skill level 5 in Shields
  9271 | D:9      | Reached ** piety under Beogh
  9489 | D:9      | Reached skill level 8 in Fighting
  9705 | D:9      | Reached XP level 11. HP: 38/94 MP: 18/18
 10196 | D:9      | Found an ancient bone altar of Kikubaaqudgha.
 10264 | D:9      | Found a transporter.
 10268 | D:9      | Noticed Onni's ghost (novice TrBe)
 10274 | D:9      | Found a staircase to the Orcish Mines.
 10328 | D:9      | HP: 2/95 [electric eel/bolt of electricity (10)]
 10340 | D:9      | HP: 4/95 [hound (1)]
 10359 | D:8      | HP: 2/95 [bullfrog (5)]
 10679 | D:10     | Entered Level 10 of the Dungeon
 10775 | D:10     | Reached skill level 10 in Invocations
 10876 | D:10     | Found a blossoming altar of Fedhas.
 11002 | D:10     | Noticed a two-headed ogre
 11030 | D:10     | Killed a two-headed ogre
 11030 | D:10     | Reached *** piety under Beogh
 11249 | D:10     | Reached skill level 9 in Fighting
 12208 | D:11     | Noticed Erolcha
 12237 | D:11     | Killed Erolcha
 12433 | D:11     | Noticed a red ugly thing
 12478 | D:11     | Killed a red ugly thing
 12780 | D:11     | Noticed a two-headed ogre
 12807 | D:11     | Killed a two-headed ogre
 12808 | D:11     | Reached skill level 10 in Fighting
 13169 | D:11     | Noticed Urug
 13503 | D:5      | Killed Oroden's ghost
 13515 | D:5      | Reached XP level 12. HP: 92/106 MP: 20/20
 13741 | D:1      | Bought a potion of degeneration for 14 gold pieces
 13741 | D:1      | Bought a potion of curing for 42 gold pieces
 13741 | D:1      | Bought a potion of curing for 42 gold pieces
 13848 | D:2      | You fall into a shaft and drop 2 floors!
 13877 | D:4      | Bought a scroll of blinking for 97 gold pieces
 13877 | D:4      | Bought a scroll of blinking for 97 gold pieces
 13937 | Temple   | Entered the Ecumenical Temple
 14266 | Orc:1    | Entered Level 1 of the Orcish Mines
 14407 | Orc:2    | Entered Level 2 of the Orcish Mines
 14426 | Orc:2    | Noticed a two-headed ogre
 14434 | Orc:2    | Killed a two-headed ogre
 14471 | Orc:2    | Noticed a sun demon
 14485 | Orc:2    | Reached **** piety under Beogh
 14544 | Orc:2    | Noticed an orc high priest
 14553 | Orc:2    | Gained Hilgar as an ally
 14757 | Orc:2    | Killed an orc high priest
 14886 | Orc:2    | Noticed an orc high priest
 14895 | Orc:2    | Noticed an orc high priest
 14897 | Orc:2    | Noticed an orc high priest
 14915 | Orc:2    | Killed an orc high priest
 14925 | Orc:2    | Noticed a sun demon
 14927 | Orc:2    | Found a roughly hewn altar of Beogh.
 15340 | Orc:2    | Noticed an orc high priest
 15346 | Orc:2    | Killed an orc high priest
 15366 | Orc:2    | Noticed an orc high priest
 15378 | Orc:2    | Killed an orc high priest
 15379 | Orc:2    | Reached skill level 11 in Fighting
 15496 | Orc:2    | Found Ekesm's Magic Scroll Emporium.
 15496 | Orc:2    | Found Ziof's Book Shop.
 15501 | Orc:2    | Bought a scroll of brand weapon for 133 gold pieces
 15501 | Orc:2    | Bought a scroll of fear for 56 gold pieces
 15501 | Orc:2    | Bought a scroll of identify for 28 gold pieces
 15501 | Orc:2    | Bought a scroll of teleportation for 42 gold pieces
 15501 | Orc:2    | Bought a scroll of identify for 28 gold pieces
 15568 | Orc:2    | Noticed an orc high priest
 15569 | Orc:2    | Found Siwnus's General Store.
 15569 | Orc:2    | Found Usufaot's Jewellery Shop.
 15579 | Orc:2    | Killed an orc high priest
 15614 | Orc:2    | Reached ***** piety under Beogh
 15726 | Orc:2    | Learned a level 2 spell: Passwall
 15730 | Orc:2    | Learned a level 3 spell: Swiftness
 15823 | Orc:2    | Found Xennuutu's Antique Armour Emporium.
 15826 | Orc:2    | Found a staircase to the Elven Halls.
 15982 | Orc:1    | Noticed Jorgrun
 15992 | Orc:1    | Noticed Snorg
 16008 | Orc:2    | Killed Jorgrun
 16271 | Orc:1    | Killed Snorg
 16673 | D:9      | Found a staircase to the Lair.
 16734 | D:9      | Found a transporter.
 16904 | D:9      | Gained Warbeogh as an ally
 17142 | Lair:1   | Entered Level 1 of the Lair of Beasts
 18083 | D:9      | Reached skill level 12 in Fighting
 18128 | Lair:1   | Reached XP level 13. HP: 114/118 MP: 21/21
 18240 | Lair:1   | Found a basalt altar of Yredelemnul.
 18265 | Lair:1   | Your ally Warbeogh died
 18379 | Lair:2   | Noticed Prince Ribbit
 18445 | Lair:1   | Killed Prince Ribbit
 18590 | Lair:2   | Found a staircase to the Swamp.
 18594 | Lair:2   | Gained Zorug as an ally
 18755 | Lair:2   | Found a dark tunnel.
 18812 | Volcano  | Entered a volcano
 19466 | Lair:2   | Found a hole to the Spider Nest.
 19473 | Lair:2   | Reached skill level 13 in Fighting
 19673 | Lair:2   | Identified the +0 scale mail of Boomyxto {Will++ Regen+
                  | MP+9 Int-3}
 20284 | Lair:3   | Your ally Zorug died
 20771 | Lair:3   | Reached skill level 14 in Fighting
 21085 | Lair:3   | Reached XP level 14. HP: 130/132 MP: 22/24
 21552 | Lair:3   | Reached skill level 10 in Shields
 21735 | Lair:3   | Reached skill level 10 in Armour
 21845 | Lair:3   | Reached ****** piety under Beogh
 21846 | Lair:3   | Reached skill level 15 in Fighting
 22209 | Lair:3   | Found the +8 demon trident "Rift" {distort, reach+}
 22492 | Lair:4   | You fall into a shaft and drop 1 floor!
 22492 | Lair:5   | Entered Level 5 of the Lair of Beasts
 22929 | Lair:4   | Identified the +4 hand axe "Grim Tooth" {freeze, rF+}
 23510 | Lair:3   | HP: 1/135 [four-headed hydra (8)]
 24255 | Lair:4   | Found a viscous altar of Jiyva.
 24256 | Lair:4   | Found a staircase to the Slime Pits.
 25067 | Lair:5   | Reached skill level 16 in Fighting
 25684 | Lair:5   | Reached XP level 15. HP: 145/145 MP: 24/26
 25713 | Abyss:3  | Cast into level 3 of the Abyss (a wizard)
 25746 | Lair:5   | Escaped the Abyss
 25765 | Lair:5   | Found a burning altar of Makhleb.
 25805 | Lair:5   | Gained Murdo as an ally
 25861 | Lair:5   | Gained Brunolf as an ally
 26147 | Lair:5   | Found a gateway to Hell.
 26717 | Lair:5   | Upgraded the game from 0.30.1-9-gdf580d7c3d to
                  | 0.30.1-10-g1249ef9ec4
 26938 | D:9      | Killed Onni's ghost
 26940 | D:9      | Lost intelligence.
 26941 | D:9      | Gained mutation: Your spells are a little easier to cast,
                  | but a little less powerful. [a neqoxec]
 26949 | D:9      | Gained mutation: You are frail. (-10% HP) [a neqoxec]
 26952 | D:9      | Gained mutation: You occasionally lose the ability to drink
                  | potions when taking damage. [a neqoxec]
 26997 | D:9      | Lost mutation: You are frail. (-10% HP) [potion of
                  | mutation]
 26997 | D:9      | Lost mutation: Your spells are a little easier to cast, but
                  | a little less powerful. [potion of mutation]
 26997 | D:9      | Gained mutation: Your mind is acute. (Int +4, Str/Dex -1)
                  | [potion of mutation]
 26997 | D:9      | Gained mutation: You have a pair of small horns on your
                  | head. [potion of mutation]
 26997 | D:9      | Gained mutation: Your movements are slightly less
                  | encumbered by armour. (ER -2) [potion of mutation]
 27078 | D:11     | Killed Urug
 27377 | D:11     | Reached skill level 15 in Invocations
 28110 | D:12     | Gained Borgun as an ally
 28111 | D:12     | Reached skill level 17 in Fighting
 28116 | D:12     | Gained Morbeogh as an ally
 28416 | D:12     | Found a frozen archway.
 29010 | D:13     | Noticed Lodul
 29014 | D:13     | Killed Lodul
 29336 | D:13     | Found a gate to the Vaults.
 29348 | D:13     | Identified the +1 robe "Gageetia" {rN+++ Str-4 Int-4
                  | Stlth+}
 29553 | D:13     | Found an ancient bone altar of Kikubaaqudgha.
 30070 | D:14     | Your ally Borgun died
 30498 | D:14     | Identified the +6 lajatang of the Abyss {spect, Str+3
                  | Dex+4}
 30657 | D:14     | Reached skill level 18 in Fighting
 30948 | D:14     | Found Kasoleck's Antique Armour Emporium.
 31165 | D:15     | Entered Level 15 of the Dungeon
 31209 | Abyss:3  | Found a corrupted altar of Lugonu.
 31209 | Abyss:3  | Cast into level 3 of the Abyss (a wizard)
 31305 | Abyss:3  | Found a corrupted altar of Lugonu.
 31307 | D:15     | Escaped the Abyss
 31886 | D:15     | Reached XP level 16. HP: 154/159 MP: 28/28
 32151 | D:15     | Found a portal to a secret trove of treasure.
 32187 | D:15     | Identified the +4 trident of Discord {freeze, rElec Int+5
                  | Dex+4}
 32267 | D:15     | Identified the +4 ring mail "Qurozi" {Contam rPois Will+++
                  | Regen+}
 32635 | D:15     | Found a staircase to the Depths.
 32675 | D:15     | Lost mutation: You occasionally lose the ability to drink
                  | potions when taking damage. [potion of mutation]
 32675 | D:15     | Lost mutation: Your movements are slightly less encumbered
                  | by armour. (ER -2) [potion of mutation]
 32675 | D:15     | Gained mutation: Your movements are slightly less
                  | encumbered by armour. (ER -2) [potion of mutation]
 32675 | D:15     | Gained mutation: Your magical capacity is low. (-10% MP)
                  | [potion of mutation]
 32675 | D:15     | Lost mutation: Your magical capacity is low. (-10% MP)
                  | [potion of mutation]
 33169 | Spider:1 | Entered Level 1 of the Spider Nest
 33486 | Spider:1 | Reached skill level 1 in Dodging
 33552 | Spider:1 | Reached skill level 19 in Fighting
 33890 | Spider:1 | Slain by a wolf spider

Illustrated notes

Levels and vault maps discovered:
D:1:      minmay_arrival_four_loops, layout_basic, basic_ecumenical_altar,
          serial_shops, shop, shop, shop, nicolae_shop_bloodbath_and_beyond
D:2:      layout_loops_ring, basic_altar
D:3:      layout_basic, mainiacjoe_overflow_brackets, grunt_gozag_breadcrumbs,
          kennysheep_small_spiral, minmay_diced_spiral, uniq_ijyb, uniq_natasha
D:4:      layout_layer_cave, minmay_stone_trees_small,
          nicolae_shop_distant_corner_stores, uniq_edmund
D:5:      layout_rooms, good_gods_temple_1, gammafunk_ghost_necromancy,
          st_stairs_5
D:6:      layout_cave_pools, minmay_temple_entry_nine_rooms, uniq_duvessa,
          uniq_maggie
D:7:      cheibrodos_grave_circle, layout_loops_ring,
          mainiacjoe_overflow_alcove_2
D:8:      layout_cave_pools, nicolae_qazlal_eye_of_the_storm,
          kennysheep_windowed_goal, uniq_pikel
D:9:      layout_irregular_city, old_standard_altar, erik_lair_island,
          orc_0_dummy, gammafunk_ghost_stat_death, eino_jars
D:10:     layout_irregular_city, fedhas_altar_fruit_tree
D:11:     layout_stronghold, uniq_erolcha, uniq_urug
D:12:     layout_basic, portal_ice_cave_entry_animals_and_master,
          minmay_fractal_squares_5
D:13:     layout_loops_ring, david_vaults_1, chequers_garden,
          kiku_gazebo_pond_becter, uniq_lodul
D:14:     layout_rooms, minivault_19, serial_shops, shop
D:15:     grunt_enter_depths_snipers, layout_rooms, serial_aquarium,
          aquarium_bridge_square [aquarium_subvault_wall,
          aquarium_subvault_wall, aquarium_subvault_balcony,
          aquarium_subvault_bridge], aquarium_bridge_square
          [aquarium_subvault_bridge, aquarium_subvault_window,
          aquarium_subvault_bridge, aquarium_subvault_wall], aquarium_window_3,
          aquarium_window_2, aquarium_window_1, aquarium_view_2b,
          aquarium_pool_1, enter_trove_6
Temple:   nicolae_temple_figure_eight
Lair:1:   layout_small_grid, lemuel_oklob_altar
Lair:2:   layout_cave_pods, skrybe_swamp_entry_bodies,
          nicolae_spider_entry_lesser_pyramids, nicolae_volcano_entry_vermiform,
          infiniplex_staircase_pool, uniq_prince_ribbit2
Lair:3:   layout_regular_city, nicolae_lair_grazing_beasts
          [nicolae_sub_lair_graze_edge, nicolae_sub_lair_graze_edge,
          nicolae_sub_lair_graze_edge, nicolae_sub_lair_graze_edge],
          infiniplex_staircase_pool_2
Lair:4:   layout_layer_cave, dpeg_slime_entry_enclosed, grunt_megastairs_2
Lair:5:   evil_forest, layout_cave_pods, serial_bayou_lake_a
Spider:1: layout_spider_delve, hellmonk_motheaten_closet
Orc:1:    layout_diamond_mine, uniq_jorgrun, uniq_snorg
Orc:2:    st_orc_town, layout_diamond_mine, gauntlet_entry_generic,
          serial_shops, shop, minmay_orc_barracks

Skill      XL: |  1  2  3  4  5  6  7  8  9 10 11 12 13 14 15 16 |
---------------+-------------------------------------------------+-----
Axes           | 3 4 5 7 9 11 14 15 16 17 18 | 18.0
Fighting       | 4 5 6 8 10 12 14 16 18 19 | 19.1
Armour         | 4 5 6 8 9 11 12 | 12.2
Shields        | 4 5 6 8 9 11 12 | 12.2
Evocations     | 1 |  1.0
Invocations    | 3 6 8 9 10 11 13 14 16 | 16.6
Dodging        | 1 |  1.7

Action                     |  1- 3 |  4- 6 |  7- 9 | 10-12 | 13-15 | 16-18 || total
---------------------------+-------+-------+-------+-------+-------+-------++-------
  Melee: War axe           |   157 |    70 |    16 |       |       |       ||   243
         Hand axe          |       |       |   493 |  1042 |   771 |       ||  2306
         Broad axe         |       |       |       |       |   392 |   174 ||   566
         Headbutt          |       |       |       |       |    67 |    45 ||   112
 Invoke: Convert to Beogh  |       |       |     1 |       |       |       ||     1
         Smiting           |       |       |       |       |     3 |       ||     3
         Recall Orcish Fol |       |       |       |       |     1 |       ||     1
         Give Item to Name |       |       |       |       |       |     1 ||     1
  Evoke: Wand              |       |       |       |       |    20 |       ||    20
    Use: Scroll            |       |     6 |     2 |     8 |     7 |       ||    23
         Potion            |       |       |     2 |     2 |     7 |     2 ||    13
   Stab: Distracted        |       |       |       |     2 |     3 |       ||     5
 Armour: Chain mail        |    84 |    54 |   283 |   548 |    55 |       ||  1024
         Scale mail        |     3 |       |       |       |       |       ||     3
         Plate armour      |       |       |       |       |   658 |    23 ||   681
         Ring mail         |       |       |       |       |       |    87 ||    87
  Dodge: Dodged            |    55 |    28 |   168 |   298 |   527 |   154 ||  1230
  Block: Buckler           |    36 |    27 |    70 |   193 |   265 |    46 ||   637
